 Dungeon Crawl Stone Soup version 0.26.1-11-gd32895ea62 (webtiles) character file.

Game seed: 14448550926627968445

1847 hawla the Conjurer (level 8, -4/44 HPs)
             Began as a Deep Elf Conjurer on July 15, 2021.
             Killed from afar by a white imp (9 damage)
             ... with a puff of frost
             ... on level 7 of the Dungeon on July 16, 2021.
             The game lasted 00:19:18 (7464 turns).

hawla the Conjurer (Deep Elf Conjurer)              Turns: 7464, Time: 00:19:19

Health: -4/44      AC:  7    Str:  9    XL:     8   Next: 88%
Magic:  5/20       EV: 14    Int: 26    God:
Gold:   432        SH:  0    Dex: 13    Spells: 12/21 levels left

rFire    . . .     SeeInvis .   t - +5 rapier of a treasure trove {vamp, *Drain rPois Str+5 Stlth+}
rCold    . . .     Faith    .   (no shield)
rNeg     . . .     Spirit   .   a - +2 robe
rPois    +         Reflect  .   C - +0 helmet
rElec    .         Harm     .   (no cloak)
rCorr    .         Rampage  .   B - +1 pair of gloves
Will     .....                  (no boots)
Stlth    ++++......             b - amulet of regeneration
HPRegen  0.54/turn              m - ring of poison resistance
MPRegen  0.17/turn              (no ring)

@: no status effects
A: no striking features
a: no special abilities


You were on level 7 of the Dungeon.
You visited 2 branches of the dungeon, and saw 8 of its levels.
You also visited: Ossuary.

You collected 432 gold pieces.

Inventory:

Hand Weapons
 t - the +5 rapier of a treasure trove (weapon) {vamp, *Drain rPois Str+5 Stlth+}
   (You found it on level 5 of the Dungeon)

   It inflicts no extra harm, but heals its wielder when it wounds a living foe.
   It affects your strength (+5).
   It protects you from poison.
   It causes draining when unequipped.
   It makes you more stealthy.
Missiles
 u - 15 poisoned darts (quivered)
Armour
 a - a +2 robe (worn)
 B - a +1 pair of gloves (worn)
 C - a +0 helmet (worn)
Jewellery
 b - an amulet of regeneration (around neck)
 m - a ring of poison resistance (left hand)
Wands
 s - a wand of flame (24)
 D - a wand of polymorph (10)
Scrolls
 e - 3 scrolls of amnesia
 g - a scroll of blinking
 h - a scroll of enchant armour
 i - a scroll of magic mapping
 k - 3 scrolls of teleportation
 n - a scroll of summoning
 o - a scroll of torment
 q - a scroll of remove curse
 y - 2 scrolls of enchant weapon {unknown}
 z - a scroll of immolation {unknown}
 A - a scroll of identify
Potions
 c - 3 potions of curing
 d - a potion of flight
 f - 2 potions of mutation {unknown}
 j - a potion of berserk rage
 l - 2 potions of resistance {unknown}
 p - 2 potions of heal wounds {unknown}
 r - a potion of cancellation {unknown}
 v - 2 potions of haste
 w - 2 potions of magic {unknown}


   Skills:
 + Level 2.2 Fighting
 + Level 2.9 Short Blades
 + Level 4.7 Dodging
 + Level 4.3 Stealth
 + Level 7.2 Spellcasting
 + Level 7.8 Conjurations
 + Level 4.0 Translocations
 + Level 4.3 Earth Magic


You had 12 spell levels left.
You knew the following spells:

 Your Spells              Type           Power        Failure   Level
a - Magic Dart            Conj           100%         1%          1
b - Searing Ray           Conj           100%         1%          2
c - Iskenderun's Mystic   Conj/Tloc      40%          5%          4
d - Blink                 Tloc           N/A          1%          2

Your spell library contained the following spells:

 Spells                   Type           Power        Failure   Level
 Conjure Flame            Conj/Fire      29%          3%          3
 Dazzling Flash           Conj/Hex       58%          3%          3
 Summon Small Mammal      Summ           36%          6%          1
 Mephitic Cloud           Conj/Pois/Air  22%          6%          3
 Call Imp                 Summ           9%           10%         2
 Slow                     Hex            9%           10%         2
 Fulminant Prism          Conj/Hex       14%          12%         4
 Call Canine Familiar     Summ           9%           19%         3
 Summon Guardian Golem    Hex/Summ       9%           19%         3
 Summon Ice Beast         Ice/Summ       9%           52%         4
 Summon Lightning Spire   Summ/Air       9%           52%         4


Dungeon Overview and Level Annotations

Branches:
Dungeon (7/15)             Temple (1/1) D:7         Ossuary (visited)

Altars:
Cheibriados
Dithmenos
Elyvilon
Fedhas
Gozag
Hepliaklqana
Makhleb
Nemelex Xobeh
Okawaru
Ru
Trog
Wu Jian
Xom
Yredelemnul
Zin
The Shining One


Message History

The white imp gestures at you. The puff of frost hits you.
* * * LOW HITPOINT WARNING * * *
The ice beast hits you but does no damage.
Casting: Blink (safe; 1% risk of failure)
Confirm with . or Enter, or press ? or * to list all spells.
You blink.
The bullfrog skeleton misses you.
Casting: Blink (safe; 1% risk of failure)
Confirm with . or Enter, or press ? or * to list all spells.
You erupt in a blast of force!
The mystic blast hits the orc wizard.
You kill the orc wizard!
The mystic blast hits the bullfrog skeleton!
You destroy the bullfrog skeleton!
The mystic blast hits the ice beast!
You kill the ice beast!
The centaur shoots an arrow.
The arrow closely misses you.
The white imp shouts, "Quit, thou craven unchin-snouted gudgeon!"
The white imp gestures at you. The puff of frost hits you!
You die...

#############
#.....#.....##
.......(.....##
...............#
......5........#
....(....).....#
.........)§§...#
........@§§§...#
.........§)§$.##
.........§§c.##
....#..####....
... #..# .c....
## ##.## .....
.####..# .....
.##....# ....
########.##.##.#
.....


You could see a centaur and a white imp.

Vanquished Creatures
  A black bear (D:5)
  2 ice beasts (D:7)
  A sky beast (D:7)
  A phantom (D:6)
  2 centaurs
  A necrophage (D:5)
  2 bullfrogs
  2 elf zombies (Ossuary)
  A wyvern skeleton (D:6)
  A quasit (D:7)
  4 orc priests
  5 orc wizards
  Jessica (D:2)
  A bullfrog skeleton (D:7)
  3 iguanas
  Natasha (thrice) (D:2)
  4 worker ants
  A big kobold zombie (Ossuary)
  2 mummies (Ossuary)
  Robin (D:2)
  3 gnolls (D:2)
  A worker ant zombie (D:6)
  9 adders
  A shadow imp (D:5)
  2 white imps
  4 oozes
  An adder zombie (Ossuary)
  2 adder skeletons (D:4)
  3 worms
  2 dart slugs
  6 leopard geckos
  10 orcs
  2 ball pythons
  4 giant cockroaches
  13 goblins
  7 hobgoblins
  12 jackals
  2 quokkas
  7 bats
  2 frilled lizards
  3 goblin zombies (Ossuary)
  11 hobgoblin zombies (Ossuary)
  A jackal zombie (Ossuary)
  8 kobolds
  3 kobold zombies (Ossuary)
  A leopard gecko zombie (D:6)
  11 orc zombies (Ossuary)
  7 rats
177 creatures vanquished.

Vanquished Creatures (collateral kills)
  A big kobold zombie (Ossuary)
  An adder zombie (Ossuary)
2 creatures vanquished.

Grand Total: 179 creatures vanquished

Notes
Turn   | Place    | Note
-------+----------+-------------------------------------------
     0 | D:1      | hawla the Deep Elf Conjurer began the quest for the Orb.
     0 | D:1      | Reached XP level 1. HP: 10/10 MP: 6/6
   251 | D:1      | Reached skill level 1 in Earth Magic
   307 | D:1      | Reached XP level 2. HP: 15/15 MP: 6/8
   310 | D:1      | Learned a level 2 spell: Searing Ray
   929 | D:2      | Reached skill level 1 in Translocations
  1008 | D:2      | Reached XP level 3. HP: 20/20 MP: 2/9
  1067 | D:2      | Noticed Natasha
  1118 | D:2      | Killed Natasha
  1119 | D:2      | Reached skill level 1 in Fighting
  1119 | D:2      | Reached XP level 4. HP: 25/25 MP: 4/10
  1124 | D:2      | Learned a level 4 spell: Iskenderun's Mystic Blast
  1153 | D:2      | Noticed Natasha
  1201 | D:2      | Killed Natasha
  1303 | D:2      | Noticed Natasha
  1308 | D:2      | Killed Natasha
  1309 | D:2      | Reached skill level 5 in Conjurations
  1356 | D:2      | Reached XP level 5. HP: 25/29 MP: 6/11
  1451 | D:2      | Found a sacrificial altar of Ru.
  1756 | D:2      | Noticed Jessica
  1762 | D:2      | Killed Jessica
  1839 | D:2      | Noticed Robin
  1847 | D:2      | Killed Robin
  2334 | D:3      | Reached XP level 6. HP: 34/34 MP: 9/12
  2461 | D:3      | Found a faded altar of an unknown god.
  3047 | D:4      | Found a blossoming altar of Fedhas.
  3066 | D:4      | Found a sand-covered staircase.
  3072 | Ossuary  | Entered an ossuary
  3617 | Ossuary  | Reached XP level 7. HP: 31/38 MP: 1/14
  4633 | D:5      | Entered Level 5 of the Dungeon
  5053 | D:5      | Got an ancient rapier
  5053 | D:5      | Identified the +5 rapier of a treasure trove {vamp, *Drain
                  | rPois Str+5 Stlth+} (You found it on level 5 of the
                  | Dungeon)
  5136 | D:5      | Reached skill level 5 in Spellcasting
  5712 | D:6      | Found a sparkling altar of Nemelex Xobeh.
  5716 | D:6      | Reached XP level 8. HP: 43/43 MP: 13/18
  5958 | D:6      | Reached skill level 1 in Short Blades
  6525 | D:6      | Learned a level 2 spell: Blink
  7085 | D:7      | Found a staircase to the Ecumenical Temple.
  7113 | Temple   | Entered the Ecumenical Temple
  7464 | D:7      | Killed from afar by a white imp

Illustrated notes

Levels and vault maps discovered:
D:1:      minmay_arrival_nine_rooms, layout_loops_ring, hangedman_glass_teeth
D:2:      layout_rooms, nicolae_ru_great_annihilating_truth, glass_columns_a,
          minivault_11, uniq_jessica, uniq_natasha, uniq_robin
D:3:      layout_basic, chequers_ecumenical_altar_simple_redux
D:4:      layout_rooms, nicolae_ossuary_entry_plus, fedhas_ov_isle_minmay
D:5:      layout_basic
D:6:      layout_basic, basic_altar, chequers_serial_rivers_micro_c
D:7:      layout_rooms, minmay_overflow_temple_hex,
          minmay_temple_entry_butterflies
Temple:   dpeg_chambers_temple

Skill      XL: |  1  2  3  4  5  6  7  8 |
---------------+-------------------------+-----
Earth Magic    | 1 2 3 4 |  4.3
Translocations | 1 2 3 4 |  4.0
Fighting       | 1 2 |  2.2
Conjurations   | 5 6 7 |  7.8
Dodging        | 3 4 |  4.7
Spellcasting   | 5 7 |  7.2
Stealth        | 3 4 |  4.3
Short Blades   | 2 |  2.9

Action                   |  1- 3 |  4- 6 |  7- 9 || total
-------------------------+-------+-------+-------++-------
Melee: Unarmed           |       |    46 |     5 ||    51
       Rapier            |       |       |    49 ||    49
 Cast: Magic Dart        |    27 |    21 |    12 ||    60
       Searing Ray       |     7 |    43 |    45 ||    95
       Iskenderun's Myst |       |     9 |    19 ||    28
       Blink             |       |       |     2 ||     2
  Use: Scroll            |     3 |     5 |    10 ||    18
       Potion            |       |     2 |     5 ||     7
 Stab: Sleeping          |       |       |     2 ||     2
Armor: Robe              |     7 |    18 |    26 ||    51
       Skin              |       |     3 |       ||     3
Dodge: Dodged            |     9 |    48 |    62 ||   119
